 Dungeon Crawl Stone Soup version 0.25.1-8-g42b30a86e7 (webtiles) character file.

Game seed: 16837177878719253422

3602 Clowww109 the Cleaver (level 9, -1/102 HPs)
             Began as a Demonspawn Fighter on Dec 18, 2020.
             Was an Initiate of Makhleb.
             Slain by a thrashing horror (2 damage)
             ... on level 3 of the Abyss.
             The game lasted 00:20:48 (7562 turns).

Clowww109 the Cleaver (Demonspawn Fighter)          Turns: 7562, Time: 00:20:48

Health: -1/102     AC: 24    Str: 20    XL:     9   Next: 86%
Magic:  0/9        EV:  2    Int:  9    God:    Makhleb [......]
Gold:   378        SH: 10    Dex: 13    Spells: 8/8 levels left

rFire    . . .     SeeInvis .   a - +1 war axe
rCold    . . .     Gourm    .   c - +0 kite shield
rNeg     + + +     Faith    .   (armour currently unavailable)
rPois    +         Spirit   +   (helmet currently unavailable)
rElec    .         Reflect  .   (cloak currently unavailable)
rCorr    .         Harm     .   (gloves currently unavailable)
MR       .....     NoTele   +   (boots currently unavailable)
Stlth    +++.......             (no amulet)
HPRegen  0.27/turn              r - ring of stealth
MPRegen  0.22/turn              l - ring of positive energy

@: mighty, tree-form, marked
A: magic shield, magic regeneration
a: Renounce Religion


You were on level 3 of the Abyss.
You worshipped Makhleb.
Makhleb was noncommittal.
You were not hungry.
You were a tree.
You visited 2 branches of the dungeon, and saw 8 of its levels.
You visited the Abyss 1 time.

You collected 378 gold pieces.

Inventory:

Hand Weapons
 a - a +1 war axe (weapon)
Missiles
 u - 15 boomerangs (quivered)
Armour
 b - a +0 scale mail (melded)
 c - a +0 kite shield (worn)
 s - a +0 cloak (melded)
 A - a +0 pair of boots (melded)
Jewellery
 e - an uncursed amulet of guardian spirit {unknown}
 g - an uncursed ring of ice
 l - a ring of positive energy (right branch)
 r - a ring of stealth (left branch)
 w - an uncursed ring of flight
Wands
 m - a wand of disintegration (18)
 B - a wand of flame (11)
Scrolls
 i - 7 scrolls of remove curse
 j - 3 scrolls of amnesia
 q - a scroll of identify
 x - 3 scrolls of teleportation
 y - a scroll of fog
Potions
 h - 2 potions of stabbing
 k - 4 potions of brilliance
 n - a potion of lignification
 o - 2 potions of cancellation
 p - 2 potions of degeneration
 t - a potion of curing {unknown}
 v - a potion of flight {unknown}
 z - a potion of ambrosia {unknown}
 C - 2 potions of heal wounds {unknown}
 D - a potion of mutation {unknown}
Comestibles
 f - 14 rations
 E - 3 chunks of flesh


   Skills:
 + Level 5.6 Fighting
 + Level 9.0 Axes
 + Level 6.1 Armour
 + Level 2.8 Dodging
 + Level 1.5 Stealth
 + Level 6.0 Shields
 + Level 0.3 Evocations


You had 8 spell levels left.
You didn't know any spells.
Your spell library was empty.

Dungeon Overview and Level Annotations

Branches:
Dungeon (7/15)             Temple (1/1) D:6

Altars:
Ashenzari
Cheibriados
Dithmenos
Elyvilon
Fedhas
Gozag
Hepliaklqana
Kikubaaqudgha
Makhleb
Nemelex Xobeh
Ru
Sif Muna
Uskayaw
Vehumet
Wu Jian
Xom
Yredelemnul
Zin
The Shining One

Annotations:
D:7 Harold


Innate Abilities, Weirdness & Mutations

((You have a pair of small horns on your head.))
When hurt, damage is shared between your health and your magic reserves.
You regenerate magic rapidly.
((When seriously injured, your bleeding wounds create thick armour. (AC +0)))


Message History

The thrashing horror tramples you.
* * * LOW HITPOINT WARNING * * *
The thrashing horror tramples you but does no damage. x2
You block the thrashing horror's attack.
You hear a chilling moan.
You hear a roar!
You slice the thrashing horror!!
The thrashing horror is almost destroyed.
You hear a chilling moan. x3; You hear a roar!
You hear a chilling moan. x2
The thrashing horror tramples you.
* * * LOW HITPOINT WARNING * * *
The thrashing horror tramples you but does no damage.
The thrashing horror churns violently!
The thrashing horror seems to grow stronger.
The thrashing horror tramples you!
* * * LOW HITPOINT WARNING * * *
The thrashing horror tramples you but does no damage.
You closely miss the thrashing horror.
The thrashing horror is almost destroyed.
The thrashing horror tramples you.
You die...

#### ###♣.# #
#.X### ≈. .
###.X# #.≈#
#.#..X. ≈≈≈..
#.#.#.
..#....#
.##.#.#.#.≈ ..
#.##.###≈≈
..#≈ #. .#
.≈#..#≈≈≈
#...#...##....


You could see a thrashing horror (strong).

Vanquished Creatures
  A two-headed ogre (D:7)
  Pikel (D:7)
  A hungry ghost (D:7)
  A slave (D:7)
  An ice beast (D:5)
  A sky beast (D:7)
  A black bear (D:6)
  An orc warrior (D:7)
  3 centaurs
  A phantom (D:5)
  6 ogres
  2 bullfrogs
  3 scorpions
  A water moccasin skeleton (D:7)
  An oklob sapling (D:6)
  4 howler monkeys
  A crimson imp (D:6)
  2 hounds
  A quasit (D:5)
  2 orc priests
  An iguana (D:6)
  An orc wizard (D:5)
  3 worker ants
  A hound zombie (D:6)
  A worker ant zombie (D:6)
  11 gnolls
  2 howler monkey skeletons
  12 adders
  A shadow imp (D:7)
  An ooze (D:2)
  2 adder skeletons
  5 worms
  3 dart slugs
  6 leopard geckos
  17 orcs
  2 giant cockroaches
  8 goblins
  8 hobgoblins
  23 jackals
  6 kobolds
  2 quokkas
  A ball python skeleton (D:4)
  8 bats
  3 frilled lizards
  A leopard gecko skeleton (D:5)
  A quokka skeleton (D:7)
  12 rats
  2 plants (D:6)
179 creatures vanquished.

Vanquished Creatures (others)
  A slave (D:7)
  An orc priest (D:7)
  2 orc wizards (D:7)
  A hound zombie (D:7)
  2 orcs (D:7)
7 creatures vanquished.

Grand Total: 186 creatures vanquished

Notes
Turn   | Place    | Note
-------+----------+-------------------------------------------
     0 | D:1      | Clowww109 the Demonspawn Fighter began the quest for the
                  | Orb.
     0 | D:1      | Reached XP level 1. HP: 18/18 MP: 1/1
   106 | D:1      | Gained mutation: When seriously injured, your bleeding
                  | wounds create armour. (AC +0) [demonic ancestry]
   106 | D:1      | Reached XP level 2. HP: 24/24 MP: 2/2
   291 | D:1      | Reached skill level 2 in Axes
   474 | D:1      | Gained mutation: You have a pair of small horns on your
                  | head. [demonic ancestry]
   474 | D:1      | Reached XP level 3. HP: 22/29 MP: 3/3
  1109 | D:2      | Gained mutation: When hurt, damage is shared between your
                  | health and your magic reserves. [demonic ancestry]
  1109 | D:2      | Reached XP level 4. HP: 20/35 MP: 4/4
  1433 | D:2      | Reached skill level 3 in Axes
  2204 | D:3      | Reached XP level 5. HP: 40/41 MP: 3/5
  2726 | D:3      | Reached skill level 4 in Axes
  3110 | D:4      | Noticed a centaur
  3112 | D:4      | Reached XP level 6. HP: 42/47 MP: 6/6
  3233 | D:4      | Got a crude brass ring
  3238 | D:4      | Identified the cursed ring "Bokauk" {Str+4 Dex-4} (You
                  | found it on level 4 of the Dungeon)
  3354 | D:4      | Reached skill level 1 in Dodging
  3388 | D:4      | Gained mutation: When seriously injured, your bleeding
                  | wounds create thick armour. (AC +0) [demonic ancestry]
  3388 | D:4      | Reached XP level 7. HP: 41/53 MP: 7/7
  3519 | D:4      | Reached skill level 5 in Axes
  3925 | D:4      | Found a hide-covered altar of Uskayaw.
  3928 | D:4      | Found an ancient bone altar of Kikubaaqudgha.
  3929 | D:4      | Found an opulent altar of Gozag.
  3929 | D:4      | Found a shimmering altar of Xom.
  3930 | D:4      | Found a hazy altar of Hepliaklqana.
  3931 | D:4      | Found a snail-covered altar of Cheibriados.
  3932 | D:4      | Found a sparkling altar of Nemelex Xobeh.
  3933 | D:4      | Found a basalt altar of Yredelemnul.
  4171 | D:5      | Entered Level 5 of the Dungeon
  4472 | D:5      | Found a shattered altar of Ashenzari.
  4594 | D:5      | Reached skill level 1 in Stealth
  4677 | D:5      | Gained mutation: You regenerate magic rapidly. [demonic
                  | ancestry]
  4677 | D:5      | Reached XP level 8. HP: 38/61 MP: 6/8
  4704 | D:5      | Reached skill level 6 in Axes
  4908 | D:5      | Found a shimmering blue altar of Sif Muna.
  5370 | D:6      | Reached skill level 5 in Shields
  5530 | D:6      | Reached skill level 5 in Armour
  5640 | D:6      | Reached skill level 7 in Axes
  5967 | D:6      | Found a staircase to the Ecumenical Temple.
  5996 | Temple   | Entered the Ecumenical Temple
  6157 | Temple   | Became a worshipper of Makhleb the Destroyer
  6689 | D:7      | Noticed a two-headed ogre
  6703 | D:7      | Killed a two-headed ogre
  6703 | D:7      | Reached skill level 5 in Fighting
  6703 | D:7      | Reached XP level 9. HP: 14/68 MP: 4/9
  7032 | D:7      | Reached skill level 8 in Axes
  7086 | D:7      | Noticed Pikel
  7098 | D:7      | Killed Pikel
  7413 | D:7      | Reached skill level 9 in Axes
  7523 | D:7      | Noticed Harold
  7536 | D:7      | Cast into level 3 of the Abyss (Harold)
  7548 | Abyss:3  | Noticed a thrashing horror
  7549 | Abyss:3  | Noticed a thrashing horror
  7550 | Abyss:3  | Noticed a thrashing horror
  7561 | Abyss:3  | HP: 1/102 [thrashing horror (11)]
  7562 | Abyss:3  | Slain by a thrashing horror

Illustrated notes

Levels and vault maps discovered:
D:1:      lemuel_arrival_funnel, layout_basic, moated_statue,
          minmay_tromino_v4_a
D:2:      layout_basic
D:3:      layout_rooms, minmay_starry_boxes
D:4:      layout_basic, minitemple, first_ration
D:5:      minmay_diamond_boxcup, layout_loops_ring, cheibrodos_ashenzari_chains,
          kennysheep_mini_moat
D:6:      layout_loops_corners, minmay_temple_entry_oklob
D:7:      layout_rooms, tgw_trog, grunt_ogre_cave, uniq_harold, uniq_pikel
Temple:   grunt_temple_mini_profane
Abyss:3:  base: D:5, kilobyte_mutagenic_chamber

Skill      XL: |  1  2  3  4  5  6  7  8  9 |
---------------+----------------------------+-----
Axes           | 2 3 4 5 7 9 |  9.0
Armour         | 3 4 5 6 |  6.1
Shields        | 3 4 5 6 |  6.0
Dodging        | 1 2 |  2.8
Fighting       | 4 5 |  5.6
Stealth        | 1 |  1.5
Evocations     | |  0.3

Action                   |  1- 3 |  4- 6 |  7- 9 || total
-------------------------+-------+-------+-------++-------
Melee: War axe           |   119 |   211 |   295 ||   625
       Headbutt          |     5 |    41 |    60 ||   106
Evoke: Wand              |       |       |     2 ||     2
  Use: Scroll            |       |     8 |     5 ||    13
       Potion            |       |       |     4 ||     4
 Stab: Sleeping          |       |       |     1 ||     1
       Distracted        |       |       |     1 ||     1
  Eat: Chunk             |     1 |     7 |    12 ||    20
       Ration            |       |       |     1 ||     1
Armor: Scale mail        |    81 |   112 |   127 ||   320
       Skin              |       |       |    11 ||    11
Dodge: Dodged            |    51 |    88 |   112 ||   251
Block: Kite shield       |    74 |    95 |   182 ||   351
